 Dungeon Crawl Stone Soup version 0.28-a0-410-gbef64dd269 (webtiles) character file.

Game seed: 16504093685906076701

2 mg7810 the Sneak (level 1, -13/18 HPs)
             Began as a Demonspawn Delver on Sept 6, 2021.
             Mangled by a mummy (14 damage)
             ... in an ossuary.
             The game lasted 00:01:25 (74 turns).

mg7810 the Sneak (Demonspawn Delver)                  Turns: 74, Time: 00:01:26

Health: -13/18     AC:  3    Str: 12    XL:     1   Next: 25%
Magic:  1/1        EV: 11    Int: 11    God:
Gold:   0          SH:  0    Dex: 14    Spells: 0/0 levels left

rFire   . . .      SeeInvis .   a - +0 falchion
rCold   . . .      Faith    .   (no shield)
rNeg    . . .      Spirit   .   b - +0 leather armour
rPois   .          Reflect  .   (no helmet)
rElec   .          Harm     .   (no cloak)
rCorr   .          Rampage  .   (no gloves)
Will    .....                   (no boots)
Stlth   ++........              (no amulet)
HPRegen 0.06/turn               (no ring)
MPRegen 0.07/turn               (no ring)

@: marked, hasted (expiring), very quick
A: no striking features
a: no special abilities


You were in an ossuary.
You visited 1 branch of the dungeon, and saw 1 of its levels.
You also visited: Ossuary.

Inventory:

Hand Weapons
 a - a +0 falchion (weapon)
Armour
 b - a +0 leather armour (worn)
Wands
 g - a wand of digging (3)
Scrolls
 c - a scroll of fog
 e - a scroll of fear


   Skills:
 + Level 3.0 Fighting
 + Level 1.8 Long Blades
 + Level 1.7 Dodging
 + Level 4.5 Stealth


You couldn't memorise any spells.
You didn't know any spells.
Your spell library was empty.

Dungeon Overview and Level Annotations

Branches:
Dungeon (5/15)             Temple (0/1) D:5         Ossuary (1/1)

Altars:


Message History

The centaur zombie is moderately damaged.
The centaur zombie hits you.
The centaur zombie kicks you but does no damage.
You hit the centaur zombie but do no damage.
The centaur zombie is moderately damaged.
The centaur zombie hits you but does no damage.
The centaur zombie closely misses you.
You hit the centaur zombie.
The centaur zombie is heavily damaged.
The centaur zombie barely misses you.
The centaur zombie kicks you but does no damage.
The mummy pulls the alarm!
The alarm trap emits a blaring wail!
The mark upon you grows brighter.
You hit the centaur zombie.
The centaur zombie is heavily damaged.
The centaur zombie hits you.
* * * LOW HITPOINT WARNING * * *
The centaur zombie barely misses you.
You hit the centaur zombie.
The centaur zombie is severely damaged.
Your extra speed is starting to run out.
The centaur zombie barely misses you. The centaur zombie kicks you.
* * * LOW HITPOINT WARNING * * *
You hit the centaur zombie.
The centaur zombie is severely damaged.
The centaur zombie hits you.
* * * LOW HITPOINT WARNING * * *
The centaur zombie kicks you but does no damage.
The mummy enters a dispersal trap!
The centaur zombie blinks! x2
The mummy blinks! x3; The mummy pulls the alarm!
The alarm trap emits a blaring wail!
The mark upon you grows brighter.
The mummy blinks!
You blink.
The mummy blinks!
The mummy drops a net on you.
You become entangled in the net!
You struggle against the net.
You struggle against the net.
You shred the net and break free! The mummy hits you!
Ouch! That really hurt!
You die...

# #############
#.#.#.#.#.#.#.###########
...^.M...^..^...........##
..........@..........M...#
.^..§^^...MM^....∩.∩...M.#
^.§..^..^...M............#
..........^..^..........##
#.#.#.#.#.#.#.###########
# ###########


You could see 4 mummies.

Vanquished Creatures
  3 hobgoblin zombies (Ossuary)
3 creatures vanquished.

Notes
Turn   | Place    | Note
-------+----------+-------------------------------------------
     0 | D:5      | mg7810 the Demonspawn Delver began the quest for the Orb.
     0 | D:5      | Reached XP level 1. HP: 18/18 MP: 1/1
     4 | D:5      | Noticed an orc wizard
     6 | D:5      | Found a staircase to the Ecumenical Temple.
     6 | D:5      | Noticed a black bear
    20 | D:5      | Noticed a water moccasin
    21 | D:5      | Noticed a jelly
    29 | D:5      | Found a sand-covered staircase.
    37 | Ossuary  | Entered an ossuary
    74 | Ossuary  | Mangled by a mummy

Illustrated notes

Levels and vault maps discovered:
D:5:      layout_basic, mainiacjoe_overflow_concentric_impassable,
          fedhas_altar_2, minmay_temple_entry_ruins, nicolae_ossuary_entry_plus,
          minmay_ogre_servants
Ossuary:  ossuary_the_hunt_dpeg

Action                   || total
-------------------------++-------
Melee: Falchion          ||    15
  Use: Scroll            ||     1
       Potion            ||     1
Armor: Leather armour    ||    11
Dodge: Dodged            ||    13

Table legend: (Time is in decaauts)
 A = Elapsed time spent in this place.
 B = Non-inter-level travel time spent in this place.
 C = Inter-level travel time spent in this place.
 D = Time resting spent in this place.
 E = Time spent auto-exploring this place.
 F = Levels seen in this place.
 G = Mean time per level.
                   A        B        C        D        E       F      G
               +--------+--------+--------+--------+--------+-----+--------+
         Total |     58 |     58 |      0 |      0 |      0 |   2 |   29.0 |
       Dungeon |     32 |     32 |      0 |      0 |      0 |   1 |   32.0 |
       Ossuary |     26 |     26 |      0 |      0 |      0 |   1 |   26.0 |
               +--------+--------+--------+--------+--------+-----+--------+

Top non-repeatable levels by time:
     D:5: 32 daAuts
 Ossuary: 26 daAuts
